 Dungeon Crawl Stone Soup version 0.23-a0-690-g0a1fc62 (webtiles) character file.

954 galech the Chopper (level 7, 0/81 HPs)
             Began as a Demonspawn Fighter on Jan 11, 2019.
             Was a Follower of Okawaru.
             Succumbed to a killer bee's poison
             ... on level 5 of the Dungeon.
             The game lasted 00:05:49 (4427 turns).

galech the Chopper (Demonspawn Fighter)             Turns: 4427, Time: 00:05:49

Health: 0/81       AC: 23    Str: 16    XL:     7   Next: 91%
Magic:  2/16       EV:  2    Int: 10    God:    Okawaru [*.....]
Gold:   411        SH: 14    Dex: 14    Spells: 6/6 levels left

rFire    . . .     SeeInvis .   a - +0 war axe
rCold    . . .     Gourm    .   c - +0 shield
rNeg     + + +     Faith    .   (armour currently unavailable)
rPois    +         Spirit   +   (helmet currently unavailable)
rElec    .         Reflect  +   (cloak currently unavailable)
rCorr    .         Harm     .   (gloves currently unavailable)
MR       .....     NoTele   +   (boots currently unavailable)
Stlth    ..........             i - +5 amulet of reflection
HPRegen  0.23/turn              o - ring of magical power
MPRegen  0.15/turn              t - ring of attention (curse)

@: lethally poisoned (0 -> -4), tree-form, hasted, very quick
A: powered by pain 1, magic shield
a: Heroism, Renounce Religion


You were on level 5 of the Dungeon.
You worshipped Okawaru.
Okawaru was aware of your devotion.
You were hungry.
You were a tree.
You visited 1 branch of the dungeon, and saw 6 of its levels.

You collected 411 gold pieces.

Inventory:

Hand Weapons
 a - a +0 war axe (weapon)
Armour
 c - a +0 shield (worn)
 j - a +0 helmet (melded)
 s - a +1 pair of gloves (melded)
 D - a +0 plate armour (melded)
Jewellery
 b - an uncursed amulet of rage {unknown}
 i - a +5 amulet of reflection (around neck)
 o - a ring of magical power (left branch)
 t - a cursed ring of attention (right branch)
Scrolls
 h - 9 scrolls of identify {unknown}
 l - 2 scrolls of teleportation {unknown}
 m - 3 scrolls of fog {unknown}
 n - a scroll of magic mapping {unknown}
 p - 3 scrolls of amnesia {unknown}
 q - 3 scrolls of remove curse {unknown}
 w - a scroll of immolation {unknown}
 x - a scroll of enchant armour {unknown}
 y - a scroll of noise {unknown}
 C - a scroll of blinking {unknown}
Potions
 d - a potion of might
 e - 2 potions of cancellation
 v - 3 potions of brilliance
 z - a potion of agility
Comestibles
 f - 9 rations


   Skills:
 + Level 4.1 Fighting
 + Level 5.6 Axes
 + Level 4.3 Armour
 + Level 1.2 Dodging
 + Level 0.5 Stealth
 + Level 4.9 Shields


You had 6 spell levels left.
You didn't know any spells.
Your spell library contained the following spells:

 Spells                   Type           Power        Failure   Level  Hunger
 Corona                   Hex            #......      80%         1    ##.....
 Ensorcelled Hibernation  Hex/Ice        #.....       91%         2    ###....
 Confuse                  Hex            #.......     99%         3    ####...
 Dazzling Spray           Conj/Hex       #.....       99%         3    ####...
 Tukima's Dance           Hex            #.......     99%         3    ####...


Dungeon Overview and Level Annotations

Branches:
Dungeon (6/15)             Temple (0/1) D:5

Altars:
Okawaru
Xom
The Shining One

Annotations:
D:6 Blork the orc


Innate Abilities, Weirdness & Mutations

((You have sharp fingernails.))
You sometimes gain a little power by taking damage.
When hurt, damage is shared between your health and your magic reserves.


Message History

You feel sick. The killer bee stings you.
* * * LOW HITPOINT WARNING * * *
The killer bee stings you but does no damage.
You miss the killer bee.
The killer bee is severely wounded.
* * * LOW HITPOINT WARNING * * *
You feel sick. The killer bee stings you.
* * * LOW HITPOINT WARNING * * *
You block the killer bee's attack.
You barely miss the killer bee.
The killer bee is severely wounded.
* * * LOW HITPOINT WARNING * * *
You feel sick.
The killer bee stings you but does no damage.
You hit the killer bee but do no damage.
The killer bee is severely wounded.
You block the killer bee's attack. x2
You closely miss the killer bee.
The killer bee is severely wounded.
You die...

######......#.).#............#
#......#...#.......(....#
#......#...#............#
#......#...#..[.........#
#......#...#............#
#......#...#...>........#
#......#...#............#
#......#...#y...........#
#......#..♣#............#
#......#...y............#
#......#...#............#
#......##########.......#
#..>...# #.......# #......#
#.......# #......# #.......#
#......# #.......# ########
#########


You could see a killer bee.

Vanquished Creatures
  3 sky beasts (D:5)
  5 killer bees
  A howler monkey (D:3)
  A hound (D:5)
  An orc priest (D:4)
  4 worker ants
  A howler monkey zombie (D:5)
  11 gnolls
  2 adders
  A shadow imp (D:6)
  An adder zombie (D:5)
  2 worms
  3 dart slugs
  A leopard gecko (D:4)
  9 orcs
  2 giant cockroaches
  8 goblins
  10 hobgoblins
  7 jackals
  2 quokkas
  A ball python (D:1)
  9 bats
  7 frilled lizards
  12 kobolds
  A leopard gecko zombie (D:5)
  9 rats
114 creatures vanquished.

Notes
Turn   | Place    | Note
-------+----------+-------------------------------------------
     0 | D:1      | galech the Demonspawn Fighter began the quest for the Orb.
     0 | D:1      | Reached XP level 1. HP: 18/18 MP: 1/1
   180 | D:1      | Gained mutation: When hurt, damage is shared between your
                  | health and your magic reserves. [demonic ancestry]
   180 | D:1      | Reached XP level 2. HP: 20/24 MP: 2/2
   438 | D:1      | Reached skill level 2 in Axes
   688 | D:1      | Reached XP level 3. HP: 29/29 MP: 3/3
  1012 | D:2      | Reached XP level 4. HP: 23/35 MP: 4/4
  1642 | D:3      | Reached skill level 3 in Axes
  1691 | D:3      | Reached XP level 5. HP: 38/42 MP: 5/5
  1774 | D:3      | Found a shimmering altar of Xom.
  2261 | D:3      | Found a shimmering altar of Xom.
  2261 | D:3      | Found a shimmering altar of Xom.
  2262 | D:3      | Found a shimmering altar of Xom.
  2262 | D:3      | Found a shimmering altar of Xom.
  2863 | D:4      | Found a glowing golden altar of the Shining One.
  2873 | D:4      | Found an iron altar of Okawaru.
  2887 | D:4      | Gained mutation: You have sharp fingernails. [demonic
                  | ancestry]
  2887 | D:4      | Reached XP level 6. HP: 34/48 MP: 6/6
  2894 | D:4      | Became a worshipper of Warmaster Okawaru
  3142 | D:5      | Entered Level 5 of the Dungeon
  3148 | D:5      | Noticed a sky beast
  3160 | D:5      | Killed a sky beast
  3160 | D:5      | Reached skill level 4 in Axes
  3169 | D:5      | Noticed a sky beast
  3189 | D:5      | Killed a sky beast
  3189 | D:5      | Reached skill level 1 in Dodging
  3323 | D:5      | Found a staircase to the Ecumenical Temple.
  3469 | D:5      | Noticed a sky beast
  3480 | D:5      | Killed a sky beast
  3480 | D:5      | Gained mutation: You sometimes gain a little power by
                  | taking damage. [demonic ancestry]
  3480 | D:5      | Reached XP level 7. HP: 41/54 MP: 7/7
  3664 | D:5      | Reached skill level 5 in Axes
  3921 | D:6      | Reached * piety under Okawaru
  4030 | D:6      | Noticed Blork the orc
  4423 | D:5      | HP: 4/81 [killer bee (2)]
  4425 | D:5      | HP: 1/81 [poisoned by a killer bee]
  4427 | D:5      | Succumbed to a killer bee's poison

Vault maps used:
D:1:      minmay_arrival_cross
D:2:      minmay_tripent
D:3:      xom_redecorated, first_ration
D:4:      minitemple
D:5:      temple_pool_b
D:6:      uniq_blork_the_orc

Skill      XL: |  1  2  3  4  5  6  7 |
---------------+----------------------+-----
Armour         | 3 4 |  4.3
Axes           | 2 3 4 5 |  5.6
Shields        | 3 4 |  4.9
Dodging        | 1 |  1.2
Fighting       | 4 |  4.1
Stealth        | |  0.5

Action                   |  1- 3 |  4- 6 |  7- 9 || total
-------------------------+-------+-------+-------++-------
Melee: War axe           |   171 |   230 |   124 ||   525
Invok: Heroism           |       |       |     1 ||     1
  Use: Potion            |       |       |     9 ||     9
  Eat: Chunk             |     1 |     8 |     3 ||    12
Armor: Scale mail        |    18 |       |       ||    18
       Chain mail        |    66 |   119 |    24 ||   209
       Plate armour      |       |       |   111 ||   111
       Skin              |       |       |    10 ||    10
Dodge: Dodged            |    35 |    35 |    28 ||    98
Block: Shield            |   160 |   182 |   207 ||   549
       Reflection        |     5 |     4 |       ||     9

Table legend:
 A = Non-vault XP
 B = Vault XP
 C = Vault XP percentage of total XP
 D = Non-vault monster count
 E = Vault monster count
 F = Vault count percentage of total count
                 A         B        C        D         E       F
            +---------+---------+-------+---------+---------+-------
      Total |    1360 |       4 |   0.3 |     112 |       2 |   1.8
            +---------+---------+-------+---------+---------+-------
        D:1 |      42 |       0 |   0.0 |      27 |       0 |   0.0
        D:2 |     113 |       4 |   3.4 |      27 |       2 |   6.9
        D:3 |     103 |       0 |   0.0 |      22 |       0 |   0.0
        D:4 |     129 |       0 |   0.0 |       9 |       0 |   0.0
        D:5 |     860 |       0 |   0.0 |      23 |       0 |   0.0
        D:6 |     113 |       0 |   0.0 |       4 |       0 |   0.0
            +---------+---------+-------+---------+---------+-------
